 Dungeon Crawl Stone Soup version 0.26.1-11-gd32895ea62 (webtiles) character file.

Game seed: 16056572991761914916

4593 Zeld the Geomancer (level 10, -1/50 HPs)
             Began as a Gargoyle Earth Elementalist on June 7, 2021.
             Was a Believer of Sif Muna.
             Killed from afar by Maggie (28 damage)
             ... with a bolt of fire
             ... on level 9 of the Dungeon.
             The game lasted 00:19:26 (12852 turns).

Zeld the Geomancer (Gargoyle Earth Elementalist)   Turns: 12852, Time: 00:19:27

Health: -1/50      AC: 10    Str: 11    XL:     10   Next: 41%
Magic:  2/19       EV: 14    Int: 20    God:    Sif Muna [**....]
Gold:   108        SH:  0    Dex: 10    Spells: 7/22 levels left

rFire    . . .     SeeInvis .   a - +0 quarterstaff
rCold    . . .     Faith    .   (shield currently unavailable)
rNeg     + . .     Spirit   .   c - +0 robe
rPois    ∞         Reflect  .   (no helmet)
rElec    +         Harm     .   (no cloak)
rCorr    +         Rampage  .   d - +0 pair of gloves
Will     .....                  (no boots)
Stlth    ++........             (no amulet)
HPRegen  0.16/turn              (no ring)
MPRegen  0.16/turn              j - ring of resist corrosion (curse)

@: mesmerised
A: negative energy resistance 1, electricity resistance, unbreathing,
petrification resistance, miasma immunity, AC +7
a: Renounce Religion, Channel Magic


You were on level 9 of the Dungeon.
You worshipped Sif Muna.
Sif Muna was pleased with you.
You visited 2 branches of the dungeon, and saw 10 of its levels.

You collected 476 gold pieces.
You spent 368 gold pieces at shops.

Inventory:

Hand Weapons
 a - a +0 quarterstaff (weapon)
Missiles
 b - 60 stones (quivered)
Armour
 c - a +0 robe (worn)
 d - a +0 pair of gloves (worn)
Jewellery
 j - a cursed ring of resist corrosion (right hand)
 s - an uncursed ring of protection from fire
Wands
 n - a wand of acid (4)
 v - a wand of flame (26)
Scrolls
 e - a scroll of fear
 f - 3 scrolls of remove curse
 g - a scroll of enchant armour
 i - 3 scrolls of amnesia
 m - 4 scrolls of teleportation
 o - a scroll of magic mapping
 p - 4 scrolls of blinking
 t - 2 scrolls of enchant weapon
 w - 2 scrolls of holy word
Potions
 h - 4 potions of heal wounds
 k - 2 potions of brilliance {unknown}
 l - a potion of degeneration {unknown}
 q - 3 potions of haste {unknown}
 r - a potion of cancellation {unknown}
 u - 5 potions of ambrosia
 x - 2 potions of curing
 z - a potion of attraction {unknown}


   Skills:
 + Level 0.0 Staves
 + Level 5.8 Dodging
 - Level 2.1 Stealth
 + Level 6.5 Spellcasting
 - Level 0.7 Transmutations
 * Level 11.9 Earth Magic
 * Level 6.6 Invocations


You had 7 spell levels left.
You knew the following spells:

 Your Spells              Type           Power        Failure   Level
a - Sandblast             Erth           100%         1%          1
b - Passwall              Tmut/Erth      25%          1%          2
c - Stone Arrow           Conj/Erth      60%          2%          3
d - Petrify               Tmut/Erth      31%          8%          4
e - Lee's Rapid Deconstr  Erth           26%          1%          5

Your spell library contained the following spells:

 Spells                   Type           Power        Failure   Level
 Freeze                   Ice            24%          10%         1
 Frozen Ramparts          Ice            12%          30%         3
 Ozocubu's Armour         Ice            6%           30%         3
 Hailstorm                Conj/Ice       6%           69%         4
 Summon Ice Beast         Ice/Summ       6%           69%         4


Dungeon Overview and Level Annotations

Branches:
Dungeon (9/15)             Temple (1/1) D:4
   Lair: D:8-11         Orc: D:9-12

Altars:
Ashenzari
Cheibriados
Dithmenos
Elyvilon
Fedhas
Gozag
Hepliaklqana
Kikubaaqudgha
Makhleb
Nemelex Xobeh
Okawaru
Qazlal
Ru
Sif Muna
Trog
Uskayaw
Vehumet
Wu Jian
Xom
Yredelemnul
Zin
The Shining One

Shops:
D:8 **

Annotations:
D:9 Maggie, Prince Ribbit


Innate Abilities, Weirdness & Mutations

You are resistant to torment.
Your stone body is resilient. (AC +7)
You are immune to poison.
You resist negative energy. (rN+)
You are resistant to electric shocks. (rElec)
You can survive without breathing.
You are immune to petrification.
You are immune to miasma.


Message History

Unknown command.
Casting: Stone Arrow (dangerous; 2% risk of failure)
Confirm with . or Enter, or press ? or * to list all spells.
You don't have enough magic to cast that spell.
Unknown command.
Unknown command.
Casting: Stone Arrow (dangerous; 2% risk of failure)
Confirm with . or Enter, or press ? or * to list all spells.
You don't have enough magic to cast that spell.
You closely miss Maggie.
Maggie is almost dead.
Prince Ribbit blinks!
Maggie hits you with a +0 scimitar of flaming!
Maggie burns you.
You hit Maggie.
Maggie is almost dead.
Maggie gestures at you while chanting. The bolt of fire hits you!!
Ouch! That really hurt!
You die...

#############............######..
#...#..#######(.?.#[.
#...#..#..........#..
#...#..#..........#..
#...#..#..........#..
#...#..+..........#..
#...#..#....##....#..
#......###'###....'.. ########+#
#...@..#....#######..
.........######@####..........#..
.........#.....§..##..........#..
.........#........##..........#..
.........#....F...##..........#..
........)#........##....##'####..
@........#........##....#....>...
.........#........##....#........
.........####'######....#.####...


You could see Maggie (mesmerising) and Prince Ribbit.

Vanquished Creatures
  Harold (D:9)
  A two-headed ogre (D:9)
  2 hornets (D:9)
  5 orc warriors
  An ice beast (D:5)
  4 sky beasts
  A phantom (D:8)
  3 centaurs
  3 ogres
  A bullfrog (D:9)
  2 scorpions
  4 killer bees (D:7)
  6 hounds
  A centaur zombie (D:7)
  3 orc priests
  2 jellies
  9 orc wizards
  8 worker ants
  A hound skeleton (D:5)
  3 adders
  3 shadow imps (D:5)
  A white imp (D:6)
  3 ufetubi
  3 oozes
  An adder skeleton (D:5)
  A worm (D:7)
  A dart slug (D:2)
  2 leopard geckos
  33 orcs
  9 giant cockroaches
  4 hobgoblins
  17 jackals
  8 kobolds
  3 quokkas
  9 bats
  5 frilled lizards
  10 goblins
  11 rats
185 creatures vanquished.

Notes
Turn   | Place    | Note
-------+----------+-------------------------------------------
     0 | D:1      | Zeld the Gargoyle Earth Elementalist began the quest for
                  | the Orb.
     0 | D:1      | Reached XP level 1. HP: 10/10 MP: 3/3
   389 | D:1      | Reached XP level 2. HP: 2/15 MP: 0/5
   392 | D:1      | Reached skill level 4 in Earth Magic
   395 | D:1      | Learned a level 2 spell: Passwall
  1476 | D:2      | Reached XP level 3. HP: 19/19 MP: 4/6
  1480 | D:2      | Learned a level 3 spell: Stone Arrow
  2665 | D:2      | Reached skill level 5 in Earth Magic
  2665 | D:2      | Reached XP level 4. HP: 24/24 MP: 2/7
  3413 | D:3      | Reached XP level 5. HP: 28/28 MP: 6/9
  3833 | D:3      | Found a basalt altar of Yredelemnul.
  3889 | D:3      | Learned a level 4 spell: Petrify
  3927 | D:3      | Found a faded altar of an unknown god.
  4363 | D:4      | Reached skill level 6 in Earth Magic
  4363 | D:4      | Reached XP level 6. HP: 22/32 MP: 1/10
  4868 | D:4      | Found a staircase to the Ecumenical Temple.
  4875 | Temple   | Entered the Ecumenical Temple
  4973 | Temple   | Became a worshipper of Sif Muna the Loreminder
  5121 | D:5      | Entered Level 5 of the Dungeon
  5242 | D:5      | Noticed a sky beast
  5248 | D:5      | Killed a sky beast
  5249 | D:5      | Reached skill level 7 in Earth Magic
  5249 | D:5      | Reached XP level 7. HP: 35/36 MP: 8/12
  6083 | D:5      | Reached skill level 8 in Earth Magic
  6360 | D:6      | Reached * piety under Sif Muna
  6361 | D:6      | Reached XP level 8. HP: 41/41 MP: 9/14
  6367 | D:6      | Learned a level 5 spell: Lee's Rapid Deconstruction
  6929 | D:6      | HP: 1/41 [white imp/puff of frost (7)]
  8058 | D:6      | Reached skill level 9 in Earth Magic
  8776 | D:7      | Reached skill level 5 in Spellcasting
  9251 | D:7      | Found a glowing golden altar of the Shining One.
  9560 | D:7      | Reached skill level 1 in Invocations
  9819 | D:7      | Reached skill level 10 in Earth Magic
  9819 | D:7      | Reached XP level 9. HP: 42/45 MP: 5/17
 10140 | D:7      | Found a snail-covered altar of Cheibriados.
 10503 | D:8      | Reached skill level 5 in Dodging
 10554 | D:8      | Found Awufoceg's General Store.
 10580 | D:8      | Bought 2 potions of ambrosia for 176 gold pieces
 10580 | D:8      | Bought a wand of flame (14) for 88 gold pieces
 10608 | D:8      | Found a hide-covered altar of Uskayaw.
 11036 | D:8      | Reached ** piety under Sif Muna
 11110 | D:8      | Found a stormy altar of Qazlal.
 11218 | D:8      | Found Yddep's Assorted Antiques.
 11234 | D:8      | Bought a scroll of identify for 72 gold pieces
 11234 | D:8      | Bought a bubbling emerald potion for 32 gold pieces
 11559 | D:9      | Found an ornate altar of the Wu Jian Council.
 11568 | D:9      | Noticed a hornet
 11574 | D:9      | Killed a hornet
 11996 | D:9      | Reached skill level 11 in Earth Magic
 12099 | D:9      | Noticed a hornet
 12106 | D:9      | Killed a hornet
 12107 | D:9      | Reached skill level 5 in Invocations
 12246 | D:9      | Noticed a two-headed ogre
 12253 | D:9      | Killed a two-headed ogre
 12254 | D:9      | Reached XP level 10. HP: 25/50 MP: 3/19
 12327 | D:9      | Noticed Harold
 12576 | D:9      | Killed Harold
 12760 | D:9      | Noticed Prince Ribbit
 12761 | D:9      | Noticed Maggie
 12852 | D:9      | Killed from afar by Maggie

Illustrated notes

Levels and vault maps discovered:
D:1:      dpeg_arrival_simpleton_b, layout_basic, minmay_tripent
D:2:      minmay_inner_zag, layout_basic
D:3:      layout_rooms, yredelemnul_altar_generic,
          chequers_ecumenical_altar_twisty, corexii_leaking_fountain
D:4:      layout_basic, minmay_temple_entry_hall
D:5:      layout_loops_ring
D:6:      layout_cave_pools
D:7:      layout_loops_ring, slow_altar_2, old_standard_altar
D:8:      layout_cave_pools, nicolae_qazlal_eye_of_the_storm,
          nicolae_overflow_hidden_temple, serial_shops,
          nicolae_shop_statue_plus, shop, kennysheep_generic_room_2
D:9:      layout_stronghold, lemuel_crystal_altar, uniq_maggie, uniq_harold,
          uniq_prince_ribbit1
Temple:   compressed_dpeg_circular_temple

Skill      XL: |  1  2  3  4  5  6  7  8  9 |
---------------+----------------------------+-----
Earth Magic    | 4 5 6 7 8 10 11 | 11.9
Dodging        | 2 3 4 5 |  5.8
Spellcasting   | 3 4 5 6 |  6.5
Invocations    | 2 6 |  6.6
Stealth        | |  2.1
Transmutations | |  0.7

Action                   |  1- 3 |  4- 6 |  7- 9 | 10-12 || total
-------------------------+-------+-------+-------+-------++-------
Melee: Unarmed           |    61 |     6 |    17 |       ||    84
       Quarterstaff      |       |       |       |     3 ||     3
 Cast: Sandblast         |    56 |    96 |   128 |     6 ||   286
       Passwall          |     5 |       |       |       ||     5
       Stone Arrow       |       |       |    55 |    11 ||    66
       Lee's Rapid Decon |       |       |     6 |       ||     6
       Petrify           |       |       |     1 |     3 ||     4
Evoke: Wand              |       |       |       |     5 ||     5
  Use: Scroll            |       |       |    12 |       ||    12
 Stab: Sleeping          |     2 |       |       |       ||     2
Armor: Robe              |    44 |    12 |    38 |    10 ||   104
Dodge: Dodged            |    67 |    25 |    96 |    15 ||   203
